 Dungeon Crawl Stone Soup version 0.18-a0-1685-g4482fe3 (webtiles) character file.

529 namelastname112 the Skirmisher (level 7, 60/61 HPs)
             Began as a Pale Draconian Warper on Apr 4, 2016.
             Quit the game in an ossuary.
             The game lasted 00:05:13 (3872 turns).

namelastname112 the Skirmisher (DrWr)               Turns: 3872, Time: 00:05:13

Health: 60/61      AC:  8    Str: 13    XL:     7   Next: 3%
Magic:  10/10      EV: 14    Int: 13    God:
Gold:   138        SH:  0    Dex: 13    Spells: 3 memorised, 3 levels left

rFire  . . .     SeeInvis .     y - +2 short sword (venom)
rCold  . . .     Gourm    .     (armour unavailable)
rNeg   . . .     Faith    .     (no shield)
rPois  .         Spirit   .     (helmet restricted)
rElec  .         Dismiss  .     (no cloak)
rCorr  .         Reflect  .     (no gloves)
SustAt .         Harm     .     m - +1 pair of boots
MR     .....                    (no amulet)
Stlth  +.........               (no ring)
                                (no ring)

@: not resistant to hostile enchantments, very unstealthy
A: breathe steam, unfitting armour, cold-blooded, AC +6
a: Breathe Steam


You were in an ossuary.
You were hungry.

You visited 1 branch of the dungeon, and saw 5 of its levels.
You also visited: Ossuary.

You collected 138 gold pieces.

Inventory:

Hand Weapons
 y - a +2 short sword of venom (weapon)
Missiles
 d - 5 tomahawks of dispersal (quivered)
 v - 20 arrows
Armour
 m - a +1 pair of boots (worn)
Jewellery
 k - an uncursed ring of fire
 n - an uncursed ring of fire
Scrolls
 c - 3 scrolls of blinking
 e - a scroll of fear {unknown}
 h - 8 scrolls of identify {unknown}
 j - a scroll of enchant armour {unknown}
 l - 2 scrolls of remove curse {unknown}
 o - a scroll of recharging {unknown}
 q - 3 scrolls of random uselessness {unknown}
 u - a scroll of teleportation {unknown}
 x - a scroll of immolation {unknown}
Potions
 g - 5 potions of curing {unknown}
 i - 2 potions of heal wounds {unknown}
 p - a potion of degeneration {unknown}
 r - a potion of mutation {unknown}
 s - a potion of cure mutation {unknown}
 w - a potion of haste {unknown}
Books
 b - a book of Spatial Translocations

   Spells                             Type                      Level
   a - Apportation                    Translocation                1
   b - Blink                          Translocation                2
   c - Shroud of Golubria             Charms/Translocation         2
   d - Portal Projectile              Translocation                3
   e - Teleport Other                 Translocation                3
   f - Passage of Golubria            Translocation                4
Comestibles
 f - 6 bread rations
 t - a meat ration


   Skills:
 + Level 5.2 Fighting
 - Level 2.0 Short Blades
 - Level 0.8 Throwing
 + Level 4.4 Dodging
 - Level 2.0 Spellcasting
 + Level 5.1 Translocations


You had 3 spell levels left.
You knew the following spells:

 Your Spells              Type           Power        Failure   Level  Hunger
a - Apportation           Tloc           ##........   3%          1    ##.....
c - Blink                 Tloc           N/A          6%          2    ###....
x - Passage of Golubria   Tloc           N/A          34%         4    #####..


Dungeon Overview and Level Annotations

Branches:
Dungeon (5/15)
 Temple: D:4-7

Altars:
Kikubaaqudgha
Vehumet

Annotations:
D:4 namelastname112's ghost, amateur DrWr


Innate Abilities, Weirdness & Mutations

You can breathe blasts of scalding, opaque steam.
Your pale cyan-grey scales are hard (AC +6).
Your body does not fit into most forms of armour.
You are cold-blooded and may be slowed by cold attacks.


Message History

You learn Evocations quicker.
You can breathe blasts of scalding, opaque steam.
Press: ? - help, Shift-Dir - straight line, f - orc zombie
Aim: an orc zombie You exhale a blast of scalding steam.
The ball of steam hits the orc zombie.
You destroy the orc zombie!
You feel somewhat more hungry.
The mummy is engulfed in a cloud of scalding steam.
You hit the mummy but do no damage.
The mummy is almost destroyed.
The mummy is engulfed in a cloud of scalding steam.
You destroy the mummy!
You start resting.
Eating one of 9 chunks of flesh.
This raw flesh tastes terrible.
You continue eating. x2
You have got your breath back.
You start resting.
All of the chunks of flesh in your inventory have rotted away.
You are feeling hungry.
Are you sure you want to abandon this character and quit the game? (Confirm with "yes".)

#..##..................
#..#.....................
#...ZM...................
#.....##...............#
#.....##...............##
#........................
#.^.^....................
#+##.........#####.......
#!!#......@..............
#!!#...........∩.........
#########################


There were no monsters in sight!

Vanquished Creatures
  A sky beast (D:5)
  An elf zombie (Ossuary)
  A howler monkey (D:4)
  A worker ant (D:5)
  A big kobold zombie (Ossuary)
  2 hound zombies (Ossuary)
  2 mummies (Ossuary)
  12 adders
  2 worms
  3 dart slugs
  14 orcs
  10 giant cockroaches
  2 gnoll zombies (Ossuary)
  7 goblins
  7 hobgoblins
  4 jackals (D:1)
  7 kobolds
  2 quokkas (D:2)
  3 ball pythons
  9 bats
  14 giant newts
  A goblin zombie (Ossuary)
  A hobgoblin zombie (Ossuary)
  2 jackal zombies (Ossuary)
  An orc zombie (Ossuary)
  6 rats
116 creatures vanquished.

Notes
Turn   | Place    | Note
--------------------------------------------------------------
     0 | D:1      | namelastname112 the Draconian Warper began the quest for the Orb.
     0 | D:1      | Reached XP level 1. HP: 17/17 MP: 3/3
   107 | D:1      | Reached XP level 2. HP: 20/25 MP: 5/5
   726 | D:2      | Reached XP level 3. HP: 29/31 MP: 6/6
   731 | D:2      | Learned a level 2 spell: Blink
  1227 | D:2      | Reached XP level 4. HP: 24/38 MP: 7/7
  2216 | D:3      | Reached XP level 5. HP: 44/46 MP: 8/8
  2239 | D:3      | Learned a level 4 spell: Passage of Golubria
  2716 | D:3      | Found a radiant altar of Vehumet.
  2783 | D:3      | Found an ancient bone altar of Kikubaaqudgha.
  2939 | D:4      | Noticed namelastname112's ghost (amateur DrWr)
  3399 | D:5      | Entered Level 5 of the Dungeon
  3423 | D:5      | Reached XP level 6. HP: 53/53 MP: 9/9
  3459 | D:5      | Found a sand-covered staircase.
  3495 | D:5      | Noticed a sky beast
  3512 | D:5      | Killed a sky beast
  3535 | Ossuary  | Entered an ossuary
  3587 | Ossuary  | Reached skill level 5 in Fighting
  3672 | Ossuary  | Reached skill level 5 in Translocations
  3672 | Ossuary  | Your scales start taking on a pale cyan-grey colour.
  3672 | Ossuary  | Reached XP level 7. HP: 20/61 MP: 10/10
  3872 | Ossuary  | Quit the game

Vault maps used:
D:1:      dpeg_arrival_prison
D:2:      minmay_cupped
D:3:      marbit_many_paths, lemuel_coloured_pillars_altar, first_bread
D:4:      nemelex_diamond_rough_becter
D:5:      lemuel_upstairs_altar, temple_statues, enter_ossuary_1,
          amethyst_killhole
Ossuary:  ossuary_minmay_tomb_2a

Skill      XL: |  1  2  3  4  5  6 |
---------------+-------------------+-----
Fighting       | 3 4 5 |  5.2
Dodging        | 3 4 |  4.4
Translocations | 4 5 |  5.1
Short Blades   | |  2.0
Throwing       | |  0.8
Spellcasting   | |  2.0

Action                   |  1- 3 |  4- 6 |  7- 9 || total
-------------------------+-------+-------+-------++-------
Melee: Short sword       |   155 |   380 |     1 ||   536
 Cast: Blink             |       |     1 |       ||     1
 Abil: Breathe Steam     |       |       |     1 ||     1
 Stab: Sleeping          |     1 |     2 |       ||     3
  Eat: Chunk             |     1 |     8 |     1 ||    10
